 Dungeon Crawl Stone Soup version 0.31-a0-889-g1a8549509d (webtiles) character file.

Game seed: 7201758517389214259

3283 Newt the Skirmisher (level 10, -9/53 HPs)
             Began as a Kobold Hunter on Oct 16, 2023.
             Was a Follower of Hepliaklqana.
             Mangled by a hornet (12 damage)
             ... on level 9 of the Dungeon.
             The game lasted 00:07:20 (8661 turns).

Newt the Skirmisher (Kobold Hunter)                 Turns: 8661, Time: 00:07:21

Health: -9/53      AC:  5    Str:  9    XL:     10   Next: 20%
Magic:  10/10      EV: 22    Int: 10    God:    Hepliaklqana [*.....]
Gold:   1235       SH:  0    Dex: 27    Spells: 9/9 levels left

rFire   + . .        z - +8 arc blade {discharge, rElec}
rCold   + . .        (no shield)
rNeg    . . .        c - +0 leather armour
rPois   .            (no helmet)
rElec   +            n - scarf {harm}
rCorr   +            (no gloves)
SInv    .            d - +1 pair of boots
Will    .....        (no amulet)
Stlth   +++          B - ring "Buluhec" {rF+ rCorr Dex+4}
HPRegen 0.28/turn    o - ring of protection from cold
MPRegen 0.12/turn

%: harm (+30% outgoing, +20% incoming)
@: lethally poisoned (-9 -> -32), slowed, very slow
A: reduced essence, small, no large weapons, nightstalker 3
a: Renounce Religion, Recall Ancestor, Ancestor Identity


You were on level 9 of the Dungeon.
You worshipped Hepliaklqana.
Hepliaklqana was aware of your devotion.
You visited 2 branches of the dungeon, and saw 10 of its levels.

You collected 1235 gold pieces.

Inventory:

Hand Weapons
 a - a +2 shortbow
 v - the +1 arbalest "Orb Guardian's Curse" {elec, rF+ Str+3 Dex+4}
   (You acquired it on level 5 of the Dungeon)

   Str+3:     It affects your strength (+3).
   Dex+4:     It affects your dexterity (+4).
   rF+:       It protects you from fire.
 z - the +8 arc blade (weapon) {discharge, rElec}
   (You acquired it on level 7 of the Dungeon)

   rElec:     It insulates you from electricity.
Missiles
 h - 3 throwing nets
Armour
 c - a +0 leather armour (worn)
 d - a +1 pair of boots (worn)
 n - a scarf of harm (worn)
Jewellery
 e - a ring of see invisible
 j - a ring of protection from fire
 o - a ring of protection from cold (right hand)
 y - a ring of magical power
 B - the ring "Buluhec" (left hand) {rF+ rCorr Dex+4}
   (You found it on level 9 of the Dungeon)

   [ring of protection from fire]

   Dex+4:     It affects your dexterity (+4).
   rF+:       It protects you from fire.
   rCorr:     It protects you from acid and corrosion.
 F - an amulet of magic regeneration
Wands
 s - a wand of flame (17)
 t - a wand of charming (10)
Scrolls
 b - 2 scrolls of butterflies
 f - 5 scrolls of teleportation
 g - a scroll of revelation
 q - 2 scrolls of vulnerability
 r - a scroll of fog
 u - 2 scrolls of blinking
 x - a scroll of fear
 E - a scroll of immolation
Potions
 i - a potion of haste
 k - a potion of invisibility
 l - a potion of might
 m - 2 potions of mutation
 p - 2 potions of curing
 w - a potion of lignification {unknown}
 A - a potion of ambrosia {unknown}
 C - a potion of resistance {unknown}
 D - 2 potions of heal wounds


   Skills:
 - Level 5.0 Fighting
 - Level 10.0 Short Blades
 - Level 12.1 Ranged Weapons
 + Level 8.1 Dodging
 - Level 1.3 Stealth


You had 9 spell levels left.
You didn't know any spells.
Your spell library contained the following spells:

 Spells                   Type           Power      Damage    Failure   Level
 Call Canine Familiar     Summ           0%         N/A       85%         3
 Sigil of Binding         Hex            0%         N/A       85%         3
 Dimensional Bullseye     Hex/Tloc       0%         N/A       99%         4
 Leda's Liquefaction      Hex/Erth       0%         N/A       99%         4


Dungeon Overview and Level Annotations

Branches:
Dungeon (9/15)             Temple (1/1) D:7
   Lair: D:8-11         Orc: D:9-12

Altars:
Ashenzari
Cheibriados
Dithmenos
Elyvilon
Fedhas
Gozag
Hepliaklqana
Kikubaaqudgha
Makhleb
Nemelex Xobeh
Okawaru
Qazlal
Ru
Sif Muna
Trog
Uskayaw
Vehumet
Wu Jian
Xom
Yredelemnul
Zin
The Shining One


Innate Abilities, Weirdness & Mutations

Your life essence is reduced to manifest your ancestor. (-10% HP)
You are small and have problems with some larger weapons.
You are completely attuned to the shadows.


Message History

The hornet buzzes angrily.
You hear a shout! x3; You hear an angry hiss.
An orc comes into view. It is wielding a +0 war axe.
The orc shouts!
The hornet stings you!
You are poisoned.
You feel yourself slow down. The hornet barely misses you.
An orc comes into view. It is wielding a +0 mace.
You hit the hornet.
The hornet is lightly wounded.
You feel very sick. The hornet barely misses you.
An orc wizard comes into view. It is wielding a +0 dagger.
You barely miss the hornet.
The hornet is lightly wounded.
You feel very sick. The hornet misses you. The hornet closely misses you.
Citlalmina barely misses the hornet.
Unknown command.
You puncture the hornet!
The hornet is heavily wounded.
You feel yourself speed up.
You feel very sick. The hornet stings you!
You are lethally poisoned!
You feel yourself slow down.
Citlalmina hits the hornet.
The orc wizard mumbles some strange words.
The orc wizard flickers and vanishes!
Deactivating autopickup; reactivate with Ctrl-A.
The orc hits you with a +0 war axe.
* * * LOW HITPOINT WARNING * * *
The orc hits Citlalmina but does no damage.
You hear a shout!
You feel better.
You feel yourself speed up.
You hear an angry hiss.
The hornet stings you!
* * * LOW HITPOINT WARNING * * *
You are lethally poisoned!
You feel yourself slow down. The hornet stings you!
You die...

###
#..$##############..
#...##....##........
#............<......
.#.oR..............##
{'oy@..............#⌠
.#.................##
#########+####'##...
..............
..............
...............#
................
.......>.......
######.............


You could see the friendly Citlalmina the ancestor, a hornet (ally target) and 2
orcs.

Vanquished Creatures
  A komodo dragon (D:8)
  A wraith (D:7)
  A wyvern (D:7)
  2 steam dragons
  Menkaure (D:6)
  3 orc warriors
  An ice beast (D:6)
  A sky beast (D:6)
  A black bear (D:4)
  3 ogres
  A centaur (D:8)
  5 bullfrogs
  A gnoll sergeant (D:8)
  2 scorpions
  4 killer bees (D:9)
  A howler monkey (D:5)
  7 orc priests
  2 jellies
  3 sleepcaps
  2 iguanas (D:6)
  3 orc wizards
  7 adders
  11 gnolls
  3 white imps
  A worm (D:4)
  2 dart slugs
  26 orcs
  6 endoplasms
  4 giant cockroaches
  13 goblins
  4 hobgoblins
  6 kobolds
  7 quokkas
  7 ball pythons
  8 bats
  5 frilled lizards
  5 rats
161 creatures vanquished.

Notes
Turn   | Place    | Note
-------+----------+-------------------------------------------
     0 | D:1      | Newt the Kobold Hunter began the quest for the Orb.
     0 | D:1      | Reached XP level 1. HP: 12/12 MP: 1/1
   155 | D:1      | Reached XP level 2. HP: 12/18 MP: 2/2
   662 | D:1      | Reached XP level 3. HP: 23/23 MP: 3/3
  1651 | D:2      | Identified a scroll of acquirement
  1651 | D:2      | Acquired 740 gold pieces
  2220 | D:3      | Reached XP level 4. HP: 30/30 MP: 4/4
  2248 | D:3      | Reached skill level 5 in Fighting
  2299 | D:3      | Found a stormy altar of Qazlal.
  2328 | D:3      | Found a glowing silver altar of Zin.
  2371 | D:3      | Found a shimmering blue altar of Sif Muna.
  2428 | D:3      | Reached XP level 5. HP: 35/35 MP: 5/5
  2440 | D:3      | Reached skill level 6 in Ranged Weapons
  2755 | D:3      | Noticed a +0 falchion
  2755 | D:3      | Noticed a +0 dagger
  2757 | D:3      | Noticed a +0 dagger
  2757 | D:3      | Noticed a +0 falchion
  2757 | D:3      | Noticed a +0 short sword
  2757 | D:3      | Noticed a +0 spear
  2758 | D:3      | Noticed a +0 short sword
  2761 | D:3      | Noticed a +0 spear
  2928 | D:3      | Found an ancient bone altar of Kikubaaqudgha.
  2972 | D:3      | Reached skill level 7 in Ranged Weapons
  2972 | D:3      | Reached XP level 6. HP: 26/40 MP: 6/6
  3098 | D:3      | Found a hide-covered altar of Uskayaw.
  3347 | D:4      | Noticed a black bear
  3352 | D:4      | Killed a black bear
  3353 | D:4      | Reached skill level 8 in Ranged Weapons
  4098 | D:5      | Entered Level 5 of the Dungeon
  4171 | D:5      | Reached XP level 7. HP: 44/44 MP: 7/7
  4284 | D:5      | Reached skill level 9 in Ranged Weapons
  4617 | D:5      | Acquired the +1 arbalest "Orb Guardian's Curse" {elec, rF+
                  | Str+3 Dex+4}
  4779 | D:5      | Reached skill level 10 in Ranged Weapons
  5242 | D:6      | Reached XP level 8. HP: 49/49 MP: 8/8
  5357 | D:6      | Reached skill level 5 in Dodging
  5745 | D:6      | Noticed Menkaure
  5747 | D:6      | Killed Menkaure
  5843 | D:6      | Reached skill level 11 in Ranged Weapons
  6141 | D:6      | Found a sacrificial altar of Ru.
  6261 | D:6      | Reached skill level 12 in Ranged Weapons
  6261 | D:6      | Reached XP level 9. HP: 54/54 MP: 9/9
  6577 | D:7      | Found a staircase to the Ecumenical Temple.
  6603 | Temple   | Entered the Ecumenical Temple
  6618 | Temple   | Became a worshipper of Hepliaklqana the Forgotten
  6679 | D:7      | Acquired the +8 arc blade {discharge, rElec}
  6679 | D:7      | Found the +8 arc blade {discharge, rElec}
  6923 | D:7      | Reached skill level 5 in Short Blades
  7112 | D:7      | Found a glowing golden altar of the Shining One.
  7449 | D:8      | Noticed a komodo dragon
  7460 | D:8      | Killed a komodo dragon
  7797 | D:8      | You fall into a shaft and drop 1 floor!
  7823 | D:9      | Reached * piety under Hepliaklqana
  7946 | D:9      | Reached skill level 10 in Short Blades
  7946 | D:9      | Reached XP level 10. HP: 18/53 MP: 10/10
  7952 | D:9      | Identified the ring "Buluhec" {rF+ rCorr Dex+4}
  8661 | D:9      | Mangled by a hornet

Illustrated notes

Levels and vault maps discovered:
D:1:      dpeg_arrival_radiant, layout_basic
D:2:      layout_basic
D:3:      layout_loops_ring, nicolae_uskayaw_en_pointe,
          mainiacjoe_overflow_alcove_4, marbit_many_paths,
          nicolae_overflow_crystal_walls, mainiacjoe_overflow_24_doors,
          minmay_misc_feat_encased
D:4:      layout_basic
D:5:      layout_layer_cave, glass_columns_a
D:6:      layout_basic, nicolae_ru_the_path_less_chosen, minivault_14,
          minmay_ogre_servants, uniq_menkaure
D:7:      layout_loops_ring, lemuel_coloured_pillars_altar, temple_green
D:8:      layout_rooms, grunt_lair_entry_orc_guard_hut
D:9:      layout_gridville, minivault_22, nicolae_fountain_basement
Temple:   eino_wide_crystal_templ

Skill      XL: |  1  2  3  4  5  6  7  8  9 10 |
---------------+-------------------------------+-----
Fighting       | 3 4 5 |  5.0
Ranged Weapons | 7 8 10 12 | 12.1
Dodging        | 4 6 8 |  8.1
Short Blades   | 10 | 10.0
Stealth        | |  1.3

Action                     |  1- 3 |  4- 6 |  7- 9 | 10-12 || total
---------------------------+-------+-------+-------+-------++-------
  Melee: Rapier            |       |       |    28 |    30 ||    58
         Punch             |       |       |       |     1 ||     1
   Fire: Shortbow          |    93 |   113 |    33 |       ||   239
         Arbalest          |       |       |   112 |       ||   112
    Use: Scroll            |    11 |     5 |     4 |       ||    20
         Potion            |       |       |     3 |     1 ||     4
   Stab: Sleeping          |       |       |       |     1 ||     1
 Armour: Leather armour    |    17 |    25 |    54 |    12 ||   108
  Dodge: Dodged            |    31 |    35 |   111 |    22 ||   199

Table legend: (Time is in decaauts)
 A = Elapsed time spent in this place.
 B = Non-inter-level travel time spent in this place.
 C = Inter-level travel time spent in this place.
 D = Time resting spent in this place.
 E = Time spent auto-exploring this place.
 F = Levels seen in this place.
 G = Mean time per level.
                   A        B        C        D        E       F      G
               +--------+--------+--------+--------+--------+-----+--------+
         Total |   8715 |   8441 |    274 |    930 |   6682 |  10 |  871.5 |
       Dungeon |   8684 |   8439 |    245 |    930 |   6682 |   9 |  964.9 |
        Temple |     30 |      1 |     29 |      0 |      0 |   1 |   30.0 |
               +--------+--------+--------+--------+--------+-----+--------+

Top non-repeatable levels by time:
     D:6: 1347 daAuts
     D:5: 1142 daAuts
     D:2: 1129 daAuts
     D:7: 1113 daAuts
     D:1: 1086 daAuts
     D:3: 1021 daAuts
     D:4: 890 daAuts
     D:9: 849 daAuts
     D:8: 105 daAuts
  Temple: 30 daAuts
